 Dungeon Crawl Stone Soup version 0.23.1 (webtiles) character file.

Game seed: 0

8747 LostNumber the Spear-Bearer (level 11, -6/104 HPs)
             Began as a Naga Artificer on Mar 10, 2019.
             Was a Believer of Okawaru.
             Mangled by a hell rat (12 damage)
             ... on level 2 of the Lair of Beasts.
             The game lasted 00:23:55 (13812 turns).

LostNumber the Spear-Bearer (Naga Artificer)       Turns: 13812, Time: 00:23:56

Health: -6/104     AC: 16    Str: 21    XL:     11   Next: 35%
Magic:  5/5        EV:  5    Int: 12    God:    Okawaru [**....]
Gold:   197        SH:  8    Dex: 14    Spells: 10/10 levels left

rFire    + . .     SeeInvis +   O - +9 hand axe of Qosuaf {antimagic, Str+2}
rCold    . . .     Gourm    .   r - +2 buckler
rNeg     . . .     Faith    .   L - +3 chain mail "Kaele Niap" {rPois rF+ Str+2 Dex+2}
rPois    +         Spirit   .   x - +2 helmet
rElec    .         Reflect  +   m - +0 cloak
rCorr    .         Harm     .   (no gloves)
MR       +....                  (no barding)
Stlth    ..........             G - +3 amulet of reflection
HPRegen  0.27/turn              (no ring)
MPRegen  0.09/turn              B - ring of flight

@: heavily drained, very slow
A: large, see invisible, deformed body, poison resistance, slowness 2, slow
metabolism 1, spit poison 1, AC +3
a: Spit Poison, Heroism, Renounce Religion, Evoke Flight


You were on level 2 of the Lair of Beasts.
You worshipped Okawaru.
Okawaru was pleased with you.
You were not hungry.

You visited 3 branches of the dungeon, and saw 13 of its levels.

You collected 713 gold pieces.
You spent 516 gold pieces at shops.

Inventory:

Hand Weapons
 a - a +0 short sword
 v - a +0 dagger of venom
   (You took it off a kobold on level 2 of the Dungeon)
 K - a +0 trident
   (You took it off Robin on level 3 of the Dungeon)
 O - the +9 hand axe of Qosuaf (weapon) {antimagic, Str+2}
   (You found it on level 8 of the Dungeon)

   It reduces the magical energy of the wielder, and disrupts the spells and
   magical abilities of those hit.
   Natural abilities and divine invocations are not affected.
   It affects your strength (+2).
Missiles
 y - a throwing net (quivered) {!f}
Armour
 m - a +0 cloak (worn)
   (You found it on level 2 of the Dungeon)
 r - a +2 buckler (worn)
   (You found it on level 6 of the Dungeon)
 x - a +2 helmet (worn)
   (You took it off Robin on level 3 of the Dungeon)
 L - the +3 chain mail "Kaele Niap" (worn) {rPois rF+ Str+2 Dex+2}
   (You bought it in a shop on level 8 of the Dungeon)

   It affects your strength (+2).
   It affects your dexterity (+2).
   It protects you from fire.
   It protects you from poison.
Jewellery
 B - a ring of flight (right hand)
   (You found it on level 8 of the Dungeon)
 G - a +3 amulet of reflection (around neck)
   (You found it on level 4 of the Dungeon)
Wands
 d - a wand of enslavement (20)
 t - a wand of flame (65)
 u - a wand of paralysis (6)
   (You found it on level 8 of the Dungeon)
Scrolls
 c - 2 scrolls of fear {unknown}
 g - 6 scrolls of remove curse {@r2}
 n - 4 scrolls of teleportation {@r4}
 o - 4 scrolls of fog
 p - 3 scrolls of magic mapping
 q - 2 scrolls of enchant armour {unknown}
 s - 3 scrolls of enchant weapon {unknown}
 z - 3 scrolls of amnesia {unknown}
 E - 3 scrolls of blinking
 I - 2 scrolls of immolation {unknown}
Potions
 f - 4 potions of haste {@q3}
 h - a potion of might
 i - 5 potions of mutation {!q}
 j - 6 potions of curing {@q1}
 k - 2 potions of lignification {unknown}
 l - a potion of berserk rage {unknown}
 w - a potion of degeneration {unknown}
 C - 3 potions of agility
 D - 2 potions of brilliance
 F - 2 potions of resistance
 N - 4 potions of heal wounds {@q2}
Comestibles
 e - 25 rations {!d}


   Skills:
 + Level 8.3(5.8) Fighting
 - Level 2.1(0.0) Short Blades
 * Level 9.8(7.2) Polearms
 + Level 6.0(3.7) Armour
 - Level 1.5(0.0) Dodging
 - Level 6.7(4.3) Stealth
 - Level 2.4(0.3) Shields
 + Level 5.2(2.9) Invocations
 - Level 6.0(3.7) Evocations


You had 10 spell levels left.
You didn't know any spells.
Your spell library contained the following spells:

 Spells                   Type           Power        Failure   Level  Hunger
 Summon Small Mammal      Summ           #...         99%         1    ##.....
 Call Imp                 Summ           #.......     100%        2    ###....
 Call Canine Familiar     Summ           #.......     100%        3    ####...
 Summon Guardian Golem    Hex/Summ       #.......     100%        3    ####...
 Summon Ice Beast         Ice/Summ       #.......     100%        4    #####..
 Summon Lightning Spire   Summ/Air       #.......     100%        4    #####..


Dungeon Overview and Level Annotations

Branches:
Dungeon (10/15)            Temple (1/1) D:7            Lair (2/6) D:9
  Swamp: Lair:2-4    Shoals: Lair:2-4     Snake: Lair:2-4    Spider: Lair:2-4
    Orc: D:9-12

Altars:
Ashenzari
Cheibriados
Dithmenos
Elyvilon
Fedhas
Gozag
Hepliaklqana
Kikubaaqudgha
Makhleb
Nemelex Xobeh
Okawaru
Qazlal
Ru
Sif Muna
Trog
Uskayaw
Vehumet
Wu Jian
Xom
Yredelemnul
Zin
The Shining One

Shops:
D:8 ?[(

Portals:
Trove: D:10 (give 17 potions of curing)

Annotations:
D:5 5 runed translucent doors
D:6 exclusion: 2 doors
Lair:1 3 runed translucent doors, P0WERM0DE's ghost, journeyman DDFi


Innate Abilities, Weirdness & Mutations

You cannot wear boots.
Your serpentine skin is tough. (AC +3)
You have supernaturally acute eyesight. (SInv)
Armour fits poorly on your strangely shaped body.
Your system is resistant to poisons. (rPois)
You cover ground very slowly.
You have a slow metabolism.
You can spit poison.


Message History

You block the hell rat's attack. The hell rat barely misses you.
You hit the hell rat.
Your chain mail "Kaele Niap" prevents you from hitting the hell rat.
You barely miss the hell rat. You block the hell rat's attack.
The hell rat bites you!
You feel drained. You block the hell rat's attack.
The hell rat bites you but does no damage.
You hit the hell rat. You closely miss the hell rat. You hit the hell rat.
The hell rat bites you but does no damage.
The hell rat bites you!
You feel drained. The hell rat bites you.
You feel drained.
You slash the hell rat!
You kill the hell rat!
You hit the hell rat but do no damage. You hit the hell rat.
You barely miss the hell rat. The hell rat bites you!
* * * LOW HITPOINT WARNING * * *
The hell rat bites you.
* * * LOW HITPOINT WARNING * * *
You feel drained.
* * * LOW HITPOINT WARNING * * *
The hell rat bites you but does no damage.
The hell rat bites you!
* * * LOW HITPOINT WARNING * * *
You feel drained.
* * * LOW HITPOINT WARNING * * *
You barely miss the hell rat. You hit the hell rat. You slash the hell rat!
You block the hell rat's attack. The hell rat bites you!
* * * LOW HITPOINT WARNING * * *
You block the hell rat's attack. x2
The hell rat bites you but does no damage.
You hit the hell rat but do no damage. You barely miss the hell rat.
You hit the hell rat.
The hell rat bites you but does no damage.
You block the hell rat's attack. x2
Unknown command.
You closely miss the hell rat. You hit the hell rat.
You closely miss the hell rat. The hell rat barely misses you.
The hell rat bites you but does no damage.
You block the hell rat's attack. The hell rat barely misses you.
Unknown command.
You barely miss the hell rat. You closely miss the hell rat.
You hit the hell rat but do no damage. The hell rat bites you.
* * * LOW HITPOINT WARNING * * *
You feel drained.
* * * LOW HITPOINT WARNING * * *
The hell rat bites you!
* * * LOW HITPOINT WARNING * * *
You block the hell rat's attack.
The hell rat bites you but does no damage.
The hell rat bites you!
You die...

........ ..................
........ ..................
........ ..................
<.....P. .P##.............
......########.......P##.P.
#.....##....##.............
#.....#......#......P......
.......#....##.r.r..+......
......##........@r..#......
......+.....#..............
#......#....#.......#.....
#........####...<.......
.........##PP.......#...
.............<......####
......................
#.#.###.##P###.##.P.###
######.##### ## ####


You could see 3 hell rats.

Vanquished Creatures
  A two-headed ogre (D:6)
  An unseen horror (D:6)
  A spiny frog (Lair:1)
  2 trolls (D:10)
  A hornet (D:9)
  3 hippogriffs
  A human (D:7)
  9 yaks
  4 hogs (D:7)
  A wyvern (D:9)
  A basilisk (D:9)
  A water moccasin (D:10)
  3 porcupines
  2 ice beasts
  3 orc warriors
  A black bear (D:9)
  A necrophage (D:6)
  6 ogres
  A phantom (D:10)
  2 centaurs (D:5)
  5 crocodiles
  A big kobold (D:10)
  4 bullfrogs
  3 scorpions
  2 crimson imps
  2 howler monkeys
  A quasit (D:8)
  A centaur zombie (D:8)
  A bullfrog zombie (D:10)
  2 centaur skeletons (D:5)
  A hound (D:8)
  4 orc priests
  A jelly (D:7)
  2 orc wizards
  A bullfrog skeleton (D:5)
  4 iguanas
  2 hell rats (Lair:2)
  8 worker ants
  A hound zombie (D:10)
  A worker ant zombie (D:8)
  Robin (D:3)
  6 gnolls
  10 adders
  An ooze (D:5)
  An adder skeleton (D:6)
  3 dart slugs
  A leopard gecko (D:3)
  23 orcs
  8 bats
  7 giant cockroaches
  17 goblins
  12 hobgoblins
  11 jackals
  3 ball pythons
  4 frilled lizards
  13 kobolds
  A quokka skeleton (D:7)
  12 rats
226 creatures vanquished.

Vanquished Creatures (collateral kills)
  A gnoll (D:2)
  A leopard gecko (D:2)
2 creatures vanquished.

Vanquished Creatures (others)
  7 fungi
  12 plants
19 creatures vanquished.

Grand Total: 247 creatures vanquished

Notes
Turn   | Place    | Note
-------+----------+-------------------------------------------
     0 | D:1      | LostNumber the Naga Artificer began the quest for the Orb.
     0 | D:1      | Reached XP level 1. HP: 18/18 MP: 3/3
   211 | D:1      | Reached XP level 2. HP: 20/25 MP: 4/4
  1335 | D:1      | Reached XP level 3. HP: 14/32 MP: 5/5
  2610 | D:2      | Found a shadowy altar of Dithmenos.
  2620 | D:2      | Reached XP level 4. HP: 28/40 MP: 6/6
  3080 | D:2      | HP: 2/40 [gnoll/+0 whip (7)]
  3164 | D:2      | Reached skill level 5 in Stealth
  3531 | D:3      | Reached XP level 5. HP: 49/49 MP: 7/7
  3812 | D:3      | Noticed Robin
  3825 | D:3      | Killed Robin
  4617 | D:4      | Reached XP level 6. HP: 42/57 MP: 8/8
  4624 | D:4      | Reached skill level 1 in Armour
  5524 | D:4      | Noticed a phantom
  5611 | D:5      | Entered Level 5 of the Dungeon
  5615 | D:5      | Found a runed translucent door.
  5616 | D:5      | Found a runed translucent gate.
  5616 | D:5      | Found a runed translucent gate.
  5616 | D:5      | Noticed a soldier ant
  5619 | D:5      | Noticed a soldier ant
  5763 | D:5      | Found the +9 staff of Olgreb {rPois}
  5765 | D:5      | Found a runed translucent door.
  5982 | D:5      | Found a runed translucent gate.
  5982 | D:5      | Noticed a water moccasin
  5983 | D:5      | Noticed a soldier ant
  5983 | D:5      | Noticed a soldier ant
  6073 | D:5      | Noticed a water moccasin
  6451 | D:5      | Reached XP level 7. HP: 62/66 MP: 9/9
  6463 | D:5      | Noticed a soldier ant
  6505 | D:5      | Reached skill level 1 in Polearms
  6538 | D:5      | Reached skill level 2 in Polearms
  7115 | D:6      | Reached skill level 5 in Fighting
  7115 | D:6      | Reached XP level 8. HP: 53/74 MP: 10/10
  7138 | D:6      | Reached skill level 3 in Polearms
  7312 | D:6      | HP: 3/74 [orc warrior/+0 long sword (19)]
  7859 | D:6      | Reached skill level 4 in Polearms
  7881 | D:6      | Noticed an unseen horror
  7894 | D:6      | Killed an unseen horror
  7894 | D:6      | Reached skill level 5 in Polearms
  7894 | D:6      | Reached skill level 5 in Evocations
  7894 | D:6      | Reached XP level 9. HP: 41/82 MP: 12/12
  8136 | D:6      | Noticed a two-headed ogre
  8147 | D:6      | Killed a two-headed ogre
  8147 | D:6      | Reached skill level 6 in Polearms
  8147 | D:6      | Reached skill level 1 in Shields
  8839 | D:7      | Found a staircase to the Ecumenical Temple.
  8855 | Temple   | Entered the Ecumenical Temple
  8897 | Temple   | Became a worshipper of Warmaster Okawaru
  9108 | D:7      | Reached skill level 7 in Polearms
  9108 | D:7      | Reached skill level 1 in Invocations
  9234 | D:7      | Reached XP level 10. HP: 89/92 MP: 14/14
  9492 | D:8      | Found Sutzoh's Antique Weapon Boutique.
  9499 | D:8      | Found Gocaz's Antique Armour Emporium.
  9516 | D:8      | Bought a spiked chain mail for 294 gold pieces
  9526 | D:8      | Identified the +3 chain mail "Kaele Niap" {rPois rF+ Str+2
                  | Dex+2} (You bought it in a shop on level 8 of the Dungeon)
  9561 | D:8      | Reached * piety under Okawaru
  9627 | D:8      | You fall through a shaft for 2 floors!
  9627 | D:10     | Entered Level 10 of the Dungeon
  9817 | D:10     | Found a portal to a secret trove of treasure.
 10591 | D:9      | Reached skill level 8 in Polearms
 10591 | D:9      | Reached skill level 5 in Armour
 10595 | D:9      | Found a staircase to the Lair.
 10624 | D:9      | Reached ** piety under Okawaru
 11006 | Lair:1   | Entered Level 1 of the Lair of Beasts
 11233 | D:8      | Got a transparent hand axe
 11235 | D:8      | Found Fitzikhi's Magic Scroll Shop.
 11238 | D:8      | Bought a scroll of remove curse for 36 gold pieces
 11238 | D:8      | Bought a scroll of fog for 24 gold pieces
 11238 | D:8      | Bought a scroll of teleportation for 36 gold pieces
 11238 | D:8      | Bought a scroll of blinking for 90 gold pieces
 11238 | D:8      | Bought a scroll of teleportation for 36 gold pieces
 11401 | D:7      | Reached skill level 9 in Polearms
 11412 | D:7      | Reached XP level 11. HP: 103/103 MP: 13/15
 12006 | D:10     | Reached *** piety under Okawaru
 12375 | D:10     | Identified the +9 hand axe of Qosuaf {antimagic, Str+2}
                  | (You found it on level 8 of the Dungeon)
 12461 | D:9      | Reached skill level 5 in Invocations
 12803 | Lair:1   | Found a runed translucent gate.
 12804 | Lair:1   | Found a runed translucent gate.
 12805 | Lair:1   | Found a runed translucent gate.
 12861 | Lair:1   | Noticed P0WERM0DE's ghost (journeyman DDFi)
 13812 | Lair:2   | Mangled by a hell rat

Skill      XL: |  1  2  3  4  5  6  7  8  9 10 11 |
---------------+----------------------------------+-----
Stealth        | 2 3 4 5 6 |  6.7
Fighting       | 2 3 4 5 6 7 8 |  8.3
Armour         | 1 2 3 4 5 6 |  6.0
Short Blades   | 2 |  2.1
Polearms       | 2 5 7 9 |  9.8
Evocations     | 5 6 |  6.0
Shields        | 2 |  2.4
Invocations    | 1 4 5 |  5.2
Dodging        | |  1.5

Action                   |  1- 3 |  4- 6 |  7- 9 | 10-12 || total
-------------------------+-------+-------+-------+-------++-------
Melee: Short sword       |   127 |     5 |       |       ||   132
       Dagger            |       |   193 |   168 |       ||   361
       Trident           |       |       |    88 |   393 ||   481
       Hand axe          |       |       |       |    58 ||    58
Invok: Heroism           |       |       |       |     7 ||     7
 Abil: Spit Poison       |    20 |    30 |    28 |    44 ||   122
Evoke: Wand              |       |     4 |     3 |       ||     7
  Use: Scroll            |       |       |     5 |     4 ||     9
       Potion            |       |       |     4 |       ||     4
 Stab: Sleeping          |     5 |     5 |     1 |     2 ||    13
       Distracted        |       |       |     1 |       ||     1
  Eat: Chunk             |     4 |    10 |     5 |    13 ||    32
       Ration            |       |     1 |     1 |     1 ||     3
Armor: Leather armour    |    40 |    35 |       |       ||    75
       Ring mail         |       |    39 |   106 |    23 ||   168
       Chain mail        |       |       |       |   170 ||   170
Dodge: Dodged            |    59 |    88 |    96 |   105 ||   348
Block: Buckler           |       |       |    25 |   127 ||   152
